TOP OF THE 1ST |
Wausau Timbers batting - Pitching for Cedar Rapids Cardinals : RHP Craig Chamberlain
|
Pitching: RHP Craig Chamberlain
|
|
Batting: SHB Herman Lewis
|
0-0: Foul Ball, location: 2F 0-1: Ball 1-1: Foul Ball, location: 2F 1-2: Ball 2-2: Foul Ball, location: 2F 2-2: Ball 3-2: Strikes out looking
|
Batting: LHB Rodney Nealeigh
|
0-0: Foul Ball, location: 2F 0-1: SINGLE (Groundball, 34D, EV 104.4 MPH)
|
Batting: RHB Rich Renteria
|
0-0: Ball Rodney Nealeigh steals 2nd base 1-0: Ball 2-0: Ground out 6-3 (Groundball, 6, EV 91.3 MPH) Rodney Nealeigh to third
|
Batting: LHB Tom M Foley
|
0-0: Swinging Strike 0-1: Foul Ball, location: 2F 0-2: Strikes out looking
|
Top of the 1st over - 0 runs, 1 hit, 0 errors, 1 left on base; Wausau 0 - Cedar Rapids 0 |
BOTTOM OF THE 1ST |
Cedar Rapids Cardinals batting - Pitching for Wausau Timbers : RHP Mario Duran
|
Pitching: RHP Mario Duran
|
|
Batting: RHB Nehames Bernstine
|
0-0: Foul Ball, location: 2F 0-1: Ball 1-1: Reached on error, E5 (Groundball, 56S, EV 89.4 MPH)
|
Batting: RHB Reggie D Williams
|
0-0: Ball 1-0: Foul Ball, location: 2F 1-1: Ball 2-1: Ball 3-1: DOUBLE (Line Drive, 89D, EV 103.8 MPH) Nehames Bernstine to third Runner from 3rd tries for Home, SAFE, no throw by RF
|
Batting: RHB Winston Ficklin
|
0-0: Ball Reggie D Williams steals 3rd base 1-0: Ground out 5-3 (Groundball, 5, EV 103.8 MPH)
|
Batting: RHB Ronald Grout
|
0-0: Fly out, F9 (Line Drive, 9D, EV 95.0 MPH) Runner from 3rd tags up, SCORES, no throw by RF
|
Batting: RHB Carson Carroll
|
0-0: Called Strike 0-1: SINGLE (Flyball, 4MD, EV 91.9 MPH)
|
Batting: RHB Miguel Sosa
|
0-0: Ball 1-0: Ball 2-0: Fly out, F6 (Line Drive, 6, EV 70.6 MPH)
|
Bottom of the 1st over - 2 runs, 2 hits, 1 error, 1 left on base; Wausau 0 - Cedar Rapids 2 |
TOP OF THE 2ND |
Wausau Timbers batting - Pitching for Cedar Rapids Cardinals : RHP Craig Chamberlain
|
Batting: RHB Douglas Davis
|
0-0: Called Strike 0-1: Swinging Strike 0-2: Strikes out swinging
|
Batting: LHB Ricky Seilheimer
|
0-0: Ball 1-0: Ball 2-0: Ball 3-0: Called Strike 3-1: Foul Ball, location: 2F 3-2: Base on Balls
|
Batting: RHB Bruce Chaney
|
0-0: Ball 1-0: Called Strike 1-1: Foul Ball, location: 2F 1-2: Strikes out swinging
|
Batting: RHB Jeffrey Young
|
0-0: Ball 1-0: Fly out, F8 (Flyball, 8LM, EV 97.5 MPH)
|
Top of the 2nd over - 0 runs, 0 hits, 0 errors, 1 left on base; Wausau 0 - Cedar Rapids 2 |
BOTTOM OF THE 2ND |
Cedar Rapids Cardinals batting - Pitching for Wausau Timbers : RHP Mario Duran
|
Batting: SHB Bryan Hoppie
|
0-0: Called Strike 0-1: Ball 1-1: Ball 2-1: Ball 3-1: Ground out 6-3 (Groundball, 56D, EV 103.8 MPH)
|
Batting: RHB Orlando Ramirez
|
0-0: Ball 1-0: Called Strike 1-1: Ball 2-1: Swinging Strike 2-2: Ball 3-2: Fly out, F8 (Flyball, 8RD, EV 96.3 MPH)
|
Batting: RHB Chris Gandy
|
0-0: Ball 1-0: Called Strike 1-1: Fly out, F8 (Flyball, 8RM, EV 73.8 MPH)
|
Bottom of the 2nd over - 0 runs, 0 hits, 0 errors, 0 left on base; Wausau 0 - Cedar Rapids 2 |
TOP OF THE 3RD |
Wausau Timbers batting - Pitching for Cedar Rapids Cardinals : RHP Craig Chamberlain
|
Batting: RHB Isaac Seoanee
|
0-0: Called Strike 0-1: Fly out, F7 (Flyball, 7S, EV 87.5 MPH)
|
Batting: SHB Herman Lewis
|
0-0: Ball 1-0: Called Strike 1-1: Ball 2-1: SINGLE (Line Drive, 56, EV 103.8 MPH)
|
Batting: LHB Rodney Nealeigh
|
0-0: Ball Herman Lewis steals 2nd base 1-0: Called Strike 1-1: Ball 2-1: Ball 3-1: Swinging Strike 3-2: SINGLE (Flyball, 78S, EV 98.8 MPH) Herman Lewis to third Runner from 3rd tries for Home, SAFE, throw by LF to home
|
Batting: RHB Rich Renteria
|
0-0: Ball 1-0: Called Strike 1-1: Ball 2-1: Foul Ball, location: 2F 2-2: Foul Ball, location: 2F 2-2: Ball Rodney Nealeigh steals 2nd base 3-2: DOUBLE (Flyball, 8RXD, EV 100.6 MPH) Rodney Nealeigh scores
|
Batting: LHB Tom M Foley
|
0-0: Foul Ball, location: 2F 0-1: Ball 1-1: Foul Ball, location: 2F 1-2: Ground out 4-3 (Groundball, 4, EV 100.6 MPH) Rich Renteria to third
|
Batting: RHB Douglas Davis
|
0-0: Called Strike 0-1: Foul Ball, location: 2F 0-2: Foul Ball, location: 2F 0-2: Strikes out swinging
|
Top of the 3rd over - 2 runs, 3 hits, 0 errors, 1 left on base; Wausau 2 - Cedar Rapids 2 |
BOTTOM OF THE 3RD |
Cedar Rapids Cardinals batting - Pitching for Wausau Timbers : RHP Mario Duran
|
Batting: RHB Nehames Bernstine
|
0-0: Called Strike 0-1: SINGLE (Line Drive, 6M, EV 98.8 MPH)
|
Batting: RHB Reggie D Williams
|
0-0: Fly out, F4 (Flyball, 34D, EV 87.5 MPH)
|
Batting: RHB Winston Ficklin
|
0-0: Ball 1-0: Ball 2-0: Ball 3-0: Called Strike 3-1: Foul Ball, location: 2F 3-2: Ground out 4-3 (Groundball, 34, EV 85.6 MPH) Nehames Bernstine to second
|
Batting: RHB Ronald Grout
|
0-0: Ball 1-0: Called Strike 1-1: Ball 2-1: Ball 3-1: SINGLE (Line Drive, 34D, EV 101.9 MPH) Nehames Bernstine to third Runner from 3rd tries for Home, SAFE, throw by RF to home Ronald Grout to second
|
Batting: RHB Carson Carroll
|
0-0: Called Strike 0-1: Ball 1-1: Ball 2-1: Swinging Strike 2-2: Ground out 5-3 (Groundball, 56S, EV 88.8 MPH)
|
Bottom of the 3rd over - 1 run, 2 hits, 0 errors, 1 left on base; Wausau 2 - Cedar Rapids 3 |
TOP OF THE 4TH |
Wausau Timbers batting - Pitching for Cedar Rapids Cardinals : RHP Craig Chamberlain
|
Batting: LHB Ricky Seilheimer
|
0-0: Called Strike 0-1: Called Strike 0-2: Ball 1-2: Ground out 6-3 (Groundball, 6, EV 85.0 MPH)
|
Batting: RHB Bruce Chaney
|
0-0: SINGLE (Groundball, 56D, EV 101.3 MPH)
|
Batting: RHB Jeffrey Young
|
0-0: Called Strike 0-1: Ball 1-1: Foul Ball, location: 2F 1-2: Ball 2-2: Strikes out looking
|
Batting: RHB Isaac Seoanee
|
0-0: Foul Ball, location: 2F 0-1: Ball 1-1: Called Strike 1-2: Foul Ball, location: 2F 1-2: Ball 2-2: Ground out 5-3 (Groundball, 56S, EV 69.4 MPH)
|
Top of the 4th over - 0 runs, 1 hit, 0 errors, 1 left on base; Wausau 2 - Cedar Rapids 3 |
BOTTOM OF THE 4TH |
Cedar Rapids Cardinals batting - Pitching for Wausau Timbers : RHP Mario Duran
|
Batting: RHB Miguel Sosa
|
0-0: Called Strike 0-1: Ball 1-1: Swinging Strike 1-2: Foul Ball, location: 2F 1-2: Strikes out swinging
|
Batting: SHB Bryan Hoppie
|
0-0: Foul Ball, location: 2F 0-1: Foul Ball, location: 2F 0-2: Foul Ball, location: 2F 0-2: Ground out U3 (Groundball, 3L, EV 78.1 MPH)
|
Batting: RHB Orlando Ramirez
|
0-0: Ball 1-0: Ground out 6-3 (Groundball, 6, EV 89.4 MPH)
|
Bottom of the 4th over - 0 runs, 0 hits, 0 errors, 0 left on base; Wausau 2 - Cedar Rapids 3 |
TOP OF THE 5TH |
Wausau Timbers batting - Pitching for Cedar Rapids Cardinals : RHP Craig Chamberlain
|
Batting: SHB Herman Lewis
|
0-0: Foul Ball, location: 2F 0-1: Ball 1-1: Ball 2-1: Foul Ball, location: 2F 2-2: Ground out 6-3 (Groundball, 6M, EV 101.9 MPH)
|
Batting: LHB Rodney Nealeigh
|
0-0: Ball 1-0: Called Strike 1-1: Ground out 4-3 (Groundball, 4, EV 82.5 MPH)
|
Batting: RHB Rich Renteria
|
0-0: Swinging Strike 0-1: Ball 1-1: Fly out, F7 (Flyball, 7LM, EV 93.8 MPH)
|
Top of the 5th over - 0 runs, 0 hits, 0 errors, 0 left on base; Wausau 2 - Cedar Rapids 3 |
BOTTOM OF THE 5TH |
Cedar Rapids Cardinals batting - Pitching for Wausau Timbers : RHP Mario Duran
|
Batting: RHB Chris Gandy
|
0-0: Called Strike 0-1: Foul Ball, location: 2F 0-2: Foul Ball, location: 2F 0-2: Ground out 6-3 (Groundball, 6, EV 81.9 MPH)
|
Batting: RHB Nehames Bernstine
|
0-0: Called Strike 0-1: Ball 1-1: Ball 2-1: Ball 3-1: Base on Balls
|
Batting: RHB Reggie D Williams
|
0-0: Called Strike 0-1: Called Strike Nehames Bernstine steals 2nd base (no throw) 0-2: Ball 1-2: DOUBLE (Flyball, 8RXD, EV 100.0 MPH) Nehames Bernstine scores
|
Batting: RHB Winston Ficklin
|
0-0: Fly out, F8 (Line Drive, 8RD, EV 87.5 MPH) Runner from 2nd tags up, SAFE at 3rd with throw by CF
|
Batting: RHB Ronald Grout
|
0-0: Foul Ball, location: 2F 0-1: Ball 1-1: SINGLE (Groundball, 56D, EV 106.3 MPH) Reggie D Williams scores
|
Batting: RHB Carson Carroll
|
0-0: SINGLE (Groundball, 56, EV 98.1 MPH) (infield hit) Ronald Grout to second
|
Batting: RHB Miguel Sosa
|
0-0: Called Strike 0-1: Ball 1-1: Foul Ball, location: 2F 1-2: Ball 2-2: Foul Ball, location: 2F 2-2: Foul Ball, location: 2F 2-2: Foul Ball, location: 2F 2-2: Ground out 1-3 (Groundball, 15, EV 63.1 MPH)
|
Bottom of the 5th over - 2 runs, 3 hits, 0 errors, 2 left on base; Wausau 2 - Cedar Rapids 5 |
TOP OF THE 6TH |
Wausau Timbers batting - Pitching for Cedar Rapids Cardinals : RHP Craig Chamberlain
|
Batting: LHB Tom M Foley
|
0-0: Foul Ball, location: 2F 0-1: Swinging Strike 0-2: Ground out 4-3 (Groundball, 4, EV 88.8 MPH)
|
Batting: RHB Douglas Davis
|
0-0: Foul Ball, location: 2F 0-1: Foul Ball, location: 2F 0-2: Ball 1-2: Fly out, F8 (Line Drive, 8LM, EV 88.8 MPH)
|
Batting: LHB Ricky Seilheimer
|
0-0: Swinging Strike 0-1: Ball 1-1: Ball 2-1: Fly out, F8 (Flyball, 78D, EV 91.3 MPH)
|
Top of the 6th over - 0 runs, 0 hits, 0 errors, 0 left on base; Wausau 2 - Cedar Rapids 5 |
BOTTOM OF THE 6TH |
Cedar Rapids Cardinals batting - Pitching for Wausau Timbers : RHP Mario Duran
|
Pitching: RHP Jean Marquis
|
|
Batting: SHB Bryan Hoppie
|
0-0: Foul Ball, location: 2F 0-1: Fly out, F7 (Flyball, 7S, EV 86.3 MPH)
|
Batting: RHB Orlando Ramirez
|
0-0: Fly out, F4 (Popup, 4MS, EV 70.0 MPH)
|
Batting: RHB Chris Gandy
|
0-0: Ball 1-0: Ball 2-0: SINGLE (Flyball, 8RS, EV 92.5 MPH)
|
Batting: RHB Nehames Bernstine
|
0-0: Swinging Strike 0-1: Ground out 4-3 (Groundball, 4, EV 86.9 MPH)
|
Bottom of the 6th over - 0 runs, 1 hit, 0 errors, 1 left on base; Wausau 2 - Cedar Rapids 5 |
TOP OF THE 7TH |
Wausau Timbers batting - Pitching for Cedar Rapids Cardinals : RHP Craig Chamberlain
|
Batting: RHB Bruce Chaney
|
0-0: Ball 1-0: Ball 2-0: Ball 3-0: Called Strike 3-1: Ground out 5-3 (Groundball, 56, EV 103.1 MPH)
|
Batting: RHB Jeffrey Young
|
0-0: Ground out 4-3 (Groundball, 4, EV 91.3 MPH)
|
Batting: RHB Isaac Seoanee
|
0-0: Called Strike 0-1: Swinging Strike 0-2: Ball 1-2: Foul Ball, location: 2F 1-2: Ball 2-2: Foul Ball, location: 2F 2-2: Ball 3-2: Ground out 4-3 (Groundball, 4S, EV 86.3 MPH)
|
Top of the 7th over - 0 runs, 0 hits, 0 errors, 0 left on base; Wausau 2 - Cedar Rapids 5 |
BOTTOM OF THE 7TH |
Cedar Rapids Cardinals batting - Pitching for Wausau Timbers : RHP Jean Marquis
|
Batting: RHB Reggie D Williams
|
0-0: Ball 1-0: Ball 2-0: Called Strike 2-1: Swinging Strike 2-2: Ground out 4-3 (Groundball, 4, EV 83.8 MPH)
|
Batting: RHB Winston Ficklin
|
0-0: Called Strike 0-1: Ball 1-1: Foul Ball, location: 2F 1-2: Foul Ball, location: 2F 1-2: DOUBLE (Line Drive, 78D, EV 101.9 MPH)
|
Batting: RHB Ronald Grout
|
0-0: Swinging Strike 0-1: Foul Ball, location: 2F 0-2: 2-RUN HOME RUN (Flyball, 78XD, EV 100.0 MPH), Distance : 416 ft
|
Batting: RHB Carson Carroll
|
0-0: Called Strike 0-1: Foul Ball, location: 2F 0-2: Foul Ball, location: 2F 0-2: Ground out 1-3 (Groundball, 34S, EV 72.5 MPH)
|
Batting: RHB Miguel Sosa
|
0-0: Ball 1-0: Ball 2-0: Foul Ball, location: 2F 2-1: Ball 3-1: Base on Balls
|
Pitching: RHP Daniel Pierce
|
|
Batting: SHB Bryan Hoppie
|
0-0: Called Strike 0-1: Ball 1-1: Called Strike 1-2: Ball 2-2: Ball 3-2: Fly out, F6 (Flyball, 56D, EV 82.5 MPH)
|
Bottom of the 7th over - 2 runs, 2 hits, 0 errors, 1 left on base; Wausau 2 - Cedar Rapids 7 |
TOP OF THE 8TH |
Wausau Timbers batting - Pitching for Cedar Rapids Cardinals : RHP Craig Chamberlain
|
Batting: SHB Herman Lewis
|
0-0: Reached on error, E6 (Groundball, 6, EV 88.1 MPH)
|
Batting: LHB Rodney Nealeigh
|
0-0: SINGLE (Groundball, 34D, EV 102.5 MPH) Herman Lewis to third Runner from 3rd tries for Home, SAFE, throw by RF to home
|
Batting: RHB Rich Renteria
|
0-0: Swinging Strike 0-1: Ball 1-1: Foul Ball, location: 2F 1-2: Foul Ball, location: 2F 1-2: Ball 2-2: Fielders Choice at 2nd, 4-6 (Groundball, 4, EV 86.9 MPH)
|
Batting: LHB Tom M Foley
|
0-0: Foul Ball, location: 2F 0-1: Ball 1-1: Grounds into double play, 4-6-3 (Groundball, 4M, EV 84.4 MPH)
|
Top of the 8th over - 1 run, 1 hit, 1 error, 0 left on base; Wausau 3 - Cedar Rapids 7 |
BOTTOM OF THE 8TH |
Cedar Rapids Cardinals batting - Pitching for Wausau Timbers : RHP Daniel Pierce
|
Batting: RHB Orlando Ramirez
|
0-0: Ball 1-0: Ball 2-0: Called Strike 2-1: Foul Ball, location: 2F 2-2: Ball 3-2: Foul Ball, location: 2F 3-2: Ground out 6-3 (Groundball, 6, EV 90.0 MPH)
|
Batting: RHB Chris Gandy
|
0-0: Ground out 6-3 (Groundball, 56, EV 85.6 MPH)
|
Batting: RHB Nehames Bernstine
|
0-0: Ground out 4-3 (Groundball, 4MD, EV 91.9 MPH)
|
Bottom of the 8th over - 0 runs, 0 hits, 0 errors, 0 left on base; Wausau 3 - Cedar Rapids 7 |
TOP OF THE 9TH |
Wausau Timbers batting - Pitching for Cedar Rapids Cardinals : RHP Craig Chamberlain
|
Pitching: RHP Jeffrey Musser
|
|
Batting: RHB Douglas Davis
|
0-0: Ball 1-0: Ball 2-0: Ball 3-0: Base on Balls
|
Batting: LHB Ricky Seilheimer
|
0-0: Foul Ball, location: 2F 0-1: Called Strike 0-2: Strikes out swinging
|
Batting: RHB Bruce Chaney
|
0-0: Ball 1-0: Ball 2-0: Called Strike 2-1: Grounds into double play, 4-6-3 (Groundball, 4M, EV 78.1 MPH)
|
Top of the 9th over - 0 runs, 0 hits, 0 errors, 0 left on base; Wausau 3 - Cedar Rapids 7 |
|